 Dungeon Crawl Stone Soup version 0.20-a0-38-g7d30548 (webtiles) character file.

224 Faca the Shield-Bearer (level 5, -6/47 HPs)
             Began as a Minotaur Fighter on Nov 11, 2016.
             Mangled by a black bear (10 damage)
             ... on level 4 of the Dungeon.
             The game lasted 00:27:33 (2964 turns).

Faca the Shield-Bearer (Minotaur Fighter)           Turns: 2964, Time: 00:27:34

Health: -6/47      AC: 11    Str: 17 (20) XL:     5   Next: 67%
Magic:  4/4        EV:  7    Int:  5 (7)  God:
Gold:   155        SH:  9    Dex:  9 (11) Spells: 0 memorised, 4 levels left

rFire  . . .     SeeInvis .     a - +1 long sword
rCold  . . .     Gourm    .     b - +0 scale mail
rNeg   . . .     Faith    .     c - +0 shield
rPois  .         Spirit   .     (helmet restricted)
rElec  .         Reflect  .     r - +2 cloak {+Inv}
rCorr  .         Harm     .     (no gloves)
MR     .....                    m - +0 pair of boots
Stlth  +.........               (no amulet)
                                l - ring of stealth
                                u - +2 ring of intelligence

@: no status effects
A: retaliatory headbutt, horns 2
a: Evoke Invisibility


You were on level 4 of the Dungeon.
You were full.

You visited 1 branch of the dungeon, and saw 4 of its levels.

You collected 155 gold pieces.

Inventory:

Hand Weapons
 a - a +1 long sword (weapon)
 q - a +2 quarterstaff of chaos
Armour
 b - a +0 scale mail (worn)
 c - a +0 shield (worn)
 m - a +0 pair of boots (worn)
 r - a +2 cloak of invisibility (worn)
Jewellery
 f - an uncursed ring of resist corrosion
 l - a ring of stealth (right hand)
 u - a +2 ring of intelligence (left hand)
Wands
 p - a wand of iceblast (5/15)
 v - a wand of teleportation (4/9)
Scrolls
 j - a scroll of enchant armour
 k - 2 scrolls of enchant weapon
 o - a scroll of identify
Potions
 d - a potion of might
 e - a potion of lignification
 h - a potion of curing
 n - a potion of heal wounds {unknown}
 s - a potion of agility {unknown}
Comestibles
 i - a slice of pizza
 t - a bread ration


   Skills:
 + Level 4.8 Fighting
 + Level 4.2 Long Blades
 + Level 4.9 Armour
 + Level 5.0 Shields


You had 4 spell levels left.
You didn't know any spells.

Dungeon Overview and Level Annotations

Branches:
Dungeon (4/15)
 Temple: D:4-7

Altars:


Innate Abilities, Weirdness & Mutations

You reflexively headbutt those who attack you in melee.
You have a pair of horns on your head.


Message History

You block the black bear's attack. The black bear claws you. x2
The black bear bites you but does no damage.
The black bear completely misses you.
The black bear claws you but does no damage.
You closely miss the black bear. You headbutt the black bear.
The black bear is severely wounded.
The black bear bites you.
The black bear claws you but does no damage.
You block the black bear's attack. The black bear bites you!
* * * LOW HITPOINT WARNING * * *
The black bear barely misses you. You block the black bear's attack.
You slash the black bear!
The black bear is almost dead.
The black bear bites you but does no damage.
The black bear claws you.
* * * LOW HITPOINT WARNING * * *
The black bear claws you.
* * * LOW HITPOINT WARNING * * *
The black bear bites you!
You die...

# #.#### #.#
# #.# #.# .
..# # #.# .
#######.###.#
.. >........#
.. .........#
###..###.# #.
#.# # #@#
.......h...#
.#.##......#
#......#
#......#
#......#
.......#
.##.##..#


You could see a black bear (berserk).

Vanquished Creatures
  Crazy Yiuf (D:3)
  A worker ant (D:4)
  4 gnolls (D:2)
  3 adders
  2 worms (D:3)
  2 dart slugs (D:2)
  6 leopard geckos
  2 orcs (D:4)
  10 bats
  3 giant cockroaches (D:3)
  6 goblins (D:1)
  7 hobgoblins
  3 jackals
  A ball python (D:2)
  3 frilled lizards
  7 kobolds
  41 rats
102 creatures vanquished.

Notes
Turn   | Place    | Note
-------+----------+-------------------------------------------
     0 | D:1      | Faca the Minotaur Fighter began the quest for the Orb.
     0 | D:1      | Reached XP level 1. HP: 19/19 MP: 0/0
    35 | D:1      | Reached XP level 2. HP: 20/27 MP: 1/1
   339 | D:1      | Reached skill level 4 in Shields
   424 | D:1      | Reached XP level 3. HP: 33/33 MP: 2/2
  1222 | D:2      | Reached XP level 4. HP: 15/41 MP: 3/3
  2245 | D:3      | Found a runed door.
  2249 | D:3      | Noticed Crazy Yiuf
  2257 | D:3      | Killed Crazy Yiuf
  2257 | D:3      | Reached XP level 5. HP: 32/47 MP: 4/4
  2688 | D:4      | Reached skill level 5 in Shields
  2948 | D:4      | Noticed a black bear
  2964 | D:4      | Mangled by a black bear

Vault maps used:
D:1:      roderic_chinese_lattice_arrival, hangedman_decor_clover_reticule
D:3:      minmay_misc_feat_cross, serial_park_tiny_1, minmay_rats_cheesy_pizza,
          uniq_crazy_yiuf_cottage

Skill      XL: |  1  2  3  4  5 |
---------------+----------------+-----
Long Blades    | 3 4 |  4.2
Shields        | 4 5 |  5.0
Fighting       | 4 |  4.8
Armour         | 4 |  4.9

Action                   |  1- 3 |  4- 6 || total
-------------------------+-------+-------++-------
Melee: Long sword        |    67 |   160 ||   227
       Headbutt          |     7 |    19 ||    26
  Use: Scroll            |     9 |     3 ||    12
       Potion            |     4 |     1 ||     5
  Eat: Bread ration      |     1 |       ||     1
       Meat ration       |       |     1 ||     1
       Pizza             |       |     1 ||     1
Armor: Scale mail        |    26 |    92 ||   118
Dodge: Dodged            |    23 |    50 ||    73
Block: Shield            |    31 |    90 ||   121
       Rpst.: Long sword |     3 |     7 ||    10
